 Dungeon Crawl Stone Soup version 0.31.0-11-ge490571c62 (webtiles) character file.

Game seed: 15670917743732138058

1644 qw the Skirmisher (level 8, -6/46 HPs)
             Began as a Deep Elf Hunter on Feb 3, 2024.
             Was a Believer of Okawaru.
             Mangled by a two-headed ogre
             ... wielding a +0 dire flail
              (22 damage)
             ... on level 7 of the Dungeon.
             The game lasted 00:00:23 (5504 turns).

qw the Skirmisher (Deep Elf Hunter)                 Turns: 5504, Time: 00:00:24

Health: -6/46      AC: 17    Str: 10    XL:     8   Next: 67%
Magic:  12/13      EV: 17    Int: 15    God:    Okawaru [**....]
Gold:   167        SH:  0    Dex: 18    Spells: 7/7 levels left

rFire   . . .        a - +1 shortbow
rCold   . . .        (shield currently unavailable)
rNeg    . . .        b - +3 leather armour {rPois}
rPois   +            d - +2 helmet
rElec   .            f - scarf {repulsion}
rCorr   .            m - +2 pair of gloves
SInv    .            (no boots)
Will    +....        (no amulet)
Stlth   +++          n - +4 ring of protection
HPRegen 0.27/turn    i - ring of willpower
MPRegen 0.13/turn

%: repel missiles
@: heroic
A: no striking features
a: Renounce Religion, Heroism


You were on level 7 of the Dungeon.
You worshipped Okawaru.
Okawaru was pleased with you.
You visited 2 branches of the dungeon, and saw 8 of its levels.

You collected 344 gold pieces.
You spent 177 gold pieces at shops.


   Skills:
 - Level 3.0(8.0) Fighting
 + Level 12.4(17.4) Ranged Weapons
 - Level 1.6(6.6) Armour
 - Level 5.0(10.0) Dodging
 - Level 1.2(6.2) Stealth
 - Level 4.0 Invocations


You had 7 spell levels left.
You didn't know any spells.
Your spell library was empty.

Inventory:

Hand Weapons
 a - a +1 shortbow (weapon)
Armour
 b - a +3 leather armour of poison resistance (worn)
 d - a +2 helmet (worn)
 f - a scarf of repulsion (worn)
 m - a +2 pair of gloves (worn)
Jewellery
 c - an amulet of faith
 i - a ring of willpower (right hand)
 n - a +4 ring of protection (left hand)
 Y - a ring of resist corrosion
Wands
 o - a wand of quicksilver (1)
 s - a wand of flame (30)
Potions
 h - a potion of enlightenment
 j - 2 potions of magic
 k - a potion of mutation
 l - a potion of might
 p - a potion of ambrosia {unknown}
 q - a potion of curing
 t - a potion of degeneration {unknown}

Dungeon Overview and Level Annotations

Branches:
Dungeon (7/15)             Temple (1/1) D:4

Altars:
Ashenzari
Dithmenos
Fedhas
Gozag
Kikubaaqudgha
Makhleb
Nemelex Xobeh
Okawaru
Ru
Sif Muna
Vehumet
Wu Jian
Xom
Yredelemnul
Zin

Shops:
D:4 *   D:5 *


Message History

The two-headed ogre is lightly wounded.
A cyclops comes into view.
You shoot an arrow. The cyclops shouts!
The arrow hits the two-headed ogre!
The two-headed ogre is moderately wounded.
You shoot an arrow. The arrow hits the two-headed ogre!
The two-headed ogre is moderately wounded.
You shoot an arrow. The arrow hits the two-headed ogre.
The two-headed ogre is moderately wounded.
You shoot an arrow.
The arrow barely misses the two-headed ogre.
You shoot an arrow.
The arrow hits the two-headed ogre but does no damage.
The two-headed ogre is moderately wounded.
The two-headed ogre hits you with a +0 dire flail!
The two-headed ogre barely misses you.
You shoot an arrow. The arrow hits the two-headed ogre!
The two-headed ogre is heavily wounded.
The two-headed ogre completely misses you.
The two-headed ogre misses you.
You shoot an arrow. The arrow hits the two-headed ogre!
The two-headed ogre is heavily wounded.
You shoot an arrow.
The arrow hits the two-headed ogre but does no damage.
The two-headed ogre is heavily wounded.
The two-headed ogre barely misses you.
The two-headed ogre hits you with a +0 giant club!
You shoot an arrow. The arrow hits the two-headed ogre!
The two-headed ogre is severely wounded.
You shoot an arrow.
The arrow barely misses the two-headed ogre.
The two-headed ogre closely misses you. The two-headed ogre misses you.
You shoot an arrow.
The arrow closely misses the two-headed ogre.
You shoot an arrow. The arrow hits the two-headed ogre.
The two-headed ogre is severely wounded.
The two-headed ogre hits you with a +0 dire flail.
The two-headed ogre hits you with a +0 giant club!!
You die...

#..........#
#..........#
#..........#
#..........+
#......<...#
##+####).###
........###
###.......###
+.......@.#
#.......#O#
#########C#
.. ..# ..#
##. .


You could see a two-headed ogre and a cyclops.

Vanquished Creatures
  Duvessa (D:6)
  A water moccasin (D:5)
  An orc warrior (D:6)
  3 ice beasts
  3 ogres
  A centaur (D:6)
  A phantom (D:4)
  2 scorpions
  Dowan (D:6)
  A bombardier beetle (D:6)
  2 hounds
  A jelly (D:4)
  An orc priest (D:6)
  A gnoll bouda (D:6)
  2 iguanas
  3 orc wizards
  3 adders
  5 gnolls (D:6)
  3 dart slugs
  16 orcs
  7 bats
  9 endoplasms
  6 giant cockroaches
  11 goblins
  4 jackals (D:3)
  2 quokkas
  13 ball pythons
  3 frilled lizards
  8 kobolds
  3 rats
  A spectral goblin (D:1)
119 creatures vanquished.

Notes
Turn   | Place    | Note
-------+----------+-------------------------------------------
     0 | D:1      | qw the Deep Elf Hunter began the quest for the Orb.
     0 | D:1      | Reached XP level 1. HP: 12/12 MP: 3/3
     0 | D:1      | 0 ||| qw: Version: 0.3-a-157-g843a77d
     0 | D:1      | 0 ||| qw: Game counter: 3621
     0 | D:1      | 0 ||| qw: Melee chars always use a shield: true
     0 | D:1      | 0 ||| qw: God list: Okawaru
     0 | D:1      | 0 ||| qw: Allow faded altars: false
     0 | D:1      | 0 ||| qw: Do Orc after clearing Dungeon:15 true
     0 | D:1      | 0 ||| qw: Do second Lair branch before Depths: true
     0 | D:1      | 0 ||| qw: Lair rune preference: random
     0 | D:1      | 0 ||| qw: Goals: Normal
     0 | D:1      | 0 ||| PLANNING D:1-11
    48 | D:1      | Found a faded altar of an unknown god.
   157 | D:1      | Reached skill level 6 in Ranged Weapons
   157 | D:1      | Reached XP level 2. HP: 16/16 MP: 4/4
   492 | D:1      | 492 ||| UPGRADING to +2 helmet.
   497 | D:1      | 497 ||| READING scroll labelled FIPRUREMEM.
   529 | D:1      | 529 ||| READING 3 scrolls labelled FEITSI FOGOSHRI.
   530 | D:1      | 530 ||| READING scroll labelled EPHAUVVUENT.
   533 | D:1      | 533 ||| DROPPING scroll of butterflies.
   534 | D:1      | 534 ||| DROPPING 2 scrolls of fog.
   570 | D:2      | Reached XP level 3. HP: 16/20 MP: 5/5
   697 | D:2      | Reached skill level 7 in Ranged Weapons
  1110 | D:2      | 1110 ||| READING scroll labelled AMUDEN FARIT.
  1111 | D:2      | 1111 ||| READING scroll labelled KUCYOC LOAJUI.
  1111 | D:2      | 1111 ||| IDENTIFYING glowing cyan potion
  1112 | D:2      | 1112 ||| READING scroll labelled FASESE VIOFORO.
  1213 | D:2      | 1213 ||| DRINKING 2 puce potions.
  1214 | D:2      | 1214 ||| DROPPING potion of berserk rage.
  1323 | D:3      | Reached XP level 4. HP: 25/25 MP: 6/6
  1870 | D:3      | 1870 ||| UPGRADING to +0 pair of gloves.
  1875 | D:3      | 1875 ||| UPGRADING to scarf of repulsion.
  1880 | D:3      | 1880 ||| UPGRADING to +2 pair of gloves.
  1890 | D:3      | 1890 ||| DROPPING +0 pair of gloves.
  1891 | D:3      | 1891 ||| DROPPING +6 ring of intelligence.
  1892 | D:3      | 1892 ||| READING scroll of identify.
  1892 | D:3      | 1892 ||| IDENTIFYING amethyst potion
  1893 | D:3      | 1893 ||| READING scroll labelled CUSMI MIWETANK.
  1893 | D:3      | 1893 ||| ENCHANTING +0 shortbow.
  1941 | D:4      | 1941 ||| STAIRDANCE
  1945 | D:4      | 1945 ||| STAIRDANCE
  1975 | D:4      | 1975 ||| STAIRDANCE
  1987 | D:4      | Reached skill level 8 in Ranged Weapons
  2004 | D:4      | Found a shimmering altar of Xom.
  2044 | D:4      | Reached XP level 5. HP: 29/29 MP: 7/7
  2091 | D:4      | Found a staircase to the Ecumenical Temple.
  2092 | D:4      | 2092 ||| PLANNING TEMPLE
  2099 | Temple   | Entered the Ecumenical Temple
  2100 | Temple   | 2100 ||| PLANNING OKAWARU WORSHIP
  2108 | Temple   | Became a worshipper of Warmaster Okawaru
  2109 | Temple   | 2109 ||| PLANNING D:1-11
  2245 | D:4      | Found Barpheitu's CLEARANCE SALE!.
  2253 | D:4      | 2253 ||| BUYING +3 leather armour of poison resistance (105
                  | gold).
  2253 | D:4      | Bought a +3 leather armour of poison resistance for 105
                  | gold pieces
  2253 | D:4      | 2253 ||| BUYING scroll of identify (10 gold).
  2253 | D:4      | Bought a scroll of identify for 10 gold pieces
  2524 | D:4      | Reached skill level 9 in Ranged Weapons
  2551 | D:4      | Noticed an ogre
  2552 | D:4      | 2552 ||| ZAPPING wand of quicksilver (6) at 2,0 (ogre;
                  | floor).
  2553 | D:4      | 2553 ||| ZAPPING wand of quicksilver (5) at 1,0 (ogre;
                  | floor).
  2553 | D:4      | Killed an ogre
  2554 | D:4      | Reached XP level 6. HP: 34/34 MP: 8/8
  2577 | D:4      | Found a burning altar of Makhleb.
  2694 | D:4      | Found a basalt altar of Yredelemnul.
  2826 | D:4      | 2826 ||| UPGRADING to +3 leather armour of poison
                  | resistance.
  2836 | D:4      | 2836 ||| DROPPING +0 leather armour.
  2837 | D:4      | 2837 ||| READING scroll of identify.
  2837 | D:4      | 2837 ||| IDENTIFYING lumpy clear potion
  2838 | D:4      | 2838 ||| READING scroll labelled XIVUQICUCU.
  2839 | D:4      | 2839 ||| READING scroll labelled ISSAECIWUT.
  2839 | D:4      | 2839 ||| ENCHANTING +1 shortbow.
  2840 | D:4      | 2840 ||| READING scroll labelled ITEOFF NUADGHO.
  2897 | D:5      | Entered Level 5 of the Dungeon
  2920 | D:5      | Reached * piety under Okawaru
  2922 | D:5      | HP: 2/35 [ogre/+0 giant club (33)]
  2923 | D:5      | 2923 ||| DRINKING potion of heal wounds.
  2930 | D:5      | Reached skill level 1 in Invocations
  3073 | D:5      | Noticed an ice beast
  3074 | D:5      | 3074 ||| ZAPPING wand of quicksilver (4) at -1,-6 (ice
                  | beast; floor).
  3075 | D:5      | 3075 ||| ZAPPING wand of quicksilver (3) at -1,-5 (ice
                  | beast; floor).
  3076 | D:5      | 3076 ||| ZAPPING wand of quicksilver (2) at 0,-4 (ice
                  | beast; floor).
  3076 | D:5      | Killed an ice beast
  3077 | D:5      | Reached skill level 10 in Ranged Weapons
  3077 | D:5      | Reached XP level 7. HP: 40/40 MP: 10/10
  3368 | D:5      | HP: 6/40 [water moccasin (8)]
  3374 | D:5      | Reached skill level 3 in Invocations
  3570 | D:5      | Found Esall's Assorted Antiques.
  3575 | D:5      | 3575 ||| BUYING scroll of identify (62 gold).
  3575 | D:5      | Bought a scroll of identify for 62 gold pieces
  3575 | D:5      | 3575 ||| SHOPLISTING scroll of teleportation (93 gold, have
                  | 77).
  4120 | D:5      | Found a radiant altar of Vehumet.
  4395 | D:5      | 4395 ||| UPGRADING to ring of resist corrosion.
  4396 | D:5      | 4396 ||| UPGRADING to ring of willpower.
  4397 | D:5      | 4397 ||| READING scroll of identify.
  4397 | D:5      | 4397 ||| IDENTIFYING bubbling pink potion
  4398 | D:5      | 4398 ||| READING scroll labelled ZOKLEX KYG.
  4587 | D:6      | Reached skill level 11 in Ranged Weapons
  4778 | D:6      | Reached XP level 8. HP: 34/44 MP: 13/13
  4835 | D:6      | Noticed Dowan
  4839 | D:6      | Reached ** piety under Okawaru
  4845 | D:6      | HP: 3/44 [ice beast (14)]
  4846 | D:6      | 4846 ||| READING scroll of teleportation.
  4848 | D:6      | Reached skill level 12 in Ranged Weapons
  4880 | D:6      | 4880 ||| FLEEEEING.
  4882 | D:6      | 4882 ||| FLEEEEING.
  4888 | D:6      | 4888 ||| FLEEEEING.
  4891 | D:6      | 4891 ||| FLEEEEING.
  4909 | D:6      | 4909 ||| FLEEEEING.
  5105 | D:6      | Reached skill level 3 in Fighting
  5280 | D:6      | Reached skill level 1 in Armour
  5280 | D:6      | Noticed Duvessa
  5288 | D:6      | 5288 ||| INVOKING Heroism.
  5297 | D:6      | Killed Duvessa
  5303 | D:6      | Killed Dowan
  5445 | D:6      | 5445 ||| DROPPING ring of flight.
  5446 | D:6      | 5446 ||| UPGRADING to +4 ring of protection.
  5448 | D:6      | 5448 ||| READING scroll of identify.
  5448 | D:6      | 5448 ||| IDENTIFYING yellow potion
  5449 | D:6      | 5449 ||| READING scroll labelled TUOBBE TIOHOT.
  5450 | D:6      | 5450 ||| DRINKING 2 red potions.
  5473 | D:7      | 5473 ||| STAIRDANCE
  5489 | D:7      | Noticed a two-headed ogre
  5490 | D:7      | 5490 ||| INVOKING Heroism.
  5492 | D:7      | Noticed a cyclops
  5504 | D:7      | Mangled by a two-headed ogre

Levels and vault maps discovered:
D:1:      roadster_arrival_rocket_large, layout_rooms,
          dreamdust_ecumenical_altar_drowned_temple, chequers_garden,
          minmay_hexomino_u4
D:2:      layout_basic
D:3:      layout_basic
D:4:      layout_basic, kennysheep_mini_moat, bloody_makhleb,
          mainiacjoe_overflow_small_starburst, minmay_temple_entry_ruins,
          serial_bayou_pond_d, nicolae_shop_clearance
D:5:      layout_basic, vehumet_crystals, serial_co_window_serial,
          co_window_paths_b, co_window_of_opportunity_a, co_window_paths_a,
          co_window_of_opportunity_a, co_window_corner_a, co_window_corner_a,
          co_window_paths_a, co_window_corner_b, co_window_corner_b,
          co_window_paths_c, co_window_unsneaky_path_a, co_window_paths_e,
          glass_columns_a, glass_columns_b, glass_columns_b, glass_columns_c,
          serial_shops, shop
D:6:      layout_loops_cross, uniq_duvessa
D:7:      minmay_blocky_corners, layout_basic
Temple:   nicolae_temple_ecumenical_triangle

Skill      XL: |  1  2  3  4  5  6  7  8 |
---------------+-------------------------+-----
Ranged Weapons | 6 7 8 9 10 11 12 | 12.4
Dodging        | 4 5 |  5.0
Fighting       | 2 3 |  3.0
Invocations    | 2 4 |  4.0
Armour         | 1 |  1.6
Stealth        | |  1.2

Action                     |  1- 3 |  4- 6 |  7- 9 || total
---------------------------+-------+-------+-------++-------
   Fire: Shortbow          |    95 |   115 |   210 ||   420
 Invoke: Heroism           |       |       |     2 ||     2
  Evoke: Wand              |       |     5 |       ||     5
    Use: Scroll            |     6 |     6 |     5 ||    17
         Potion            |     1 |     1 |     1 ||     3
 Armour: Leather armour    |     7 |    41 |    51 ||    99
  Dodge: Dodged            |     9 |    40 |    65 ||   114
         Repelled          |       |       |     2 ||     2

Table legend:
 A = Non-vault XP
 B = Vault XP
 C = Vault XP percentage of total XP
 D = Non-vault monster count
 E = Vault monster count
 F = Vault count percentage of total count
                 A         B        C        D         E       F
            +---------+---------+-------+---------+---------+-------
      Total |    2126 |     223 |   9.5 |     112 |       7 |   5.9
            +---------+---------+-------+---------+---------+-------
        D:1 |      30 |       7 |  18.9 |      19 |       5 |  20.8
        D:2 |      54 |       0 |   0.0 |      21 |       0 |   0.0
        D:3 |      52 |       0 |   0.0 |      19 |       0 |   0.0
        D:4 |     407 |       0 |   0.0 |      19 |       0 |   0.0
        D:5 |     679 |       0 |   0.0 |      14 |       0 |   0.0
        D:6 |     871 |     216 |  19.9 |      19 |       2 |   9.5
        D:7 |      33 |       0 |   0.0 |       1 |       0 |   0.0
            +---------+---------+-------+---------+---------+-------
